 Dungeon Crawl Stone Soup version 0.31-a0-692-gf03d1854d5 (webtiles) character file.

Game seed: 6930810140185391098

741 qw the Skirmisher (level 7, -1/44 HPs)
             Began as a Gargoyle Hunter on Sept 6, 2023.
             Was an Initiate of Okawaru.
             Slain by a water moccasin (3 damage)
             ... on level 5 of the Dungeon.
             The game lasted 00:01:45 (4200 turns).

qw the Skirmisher (Gargoyle Hunter)                 Turns: 4200, Time: 00:01:46

Health: -1/44      AC: 12    Str: 14    XL:     7   Next: 75%
Magic:  7/7        EV: 11    Int: 10    God:    Okawaru [......]
Gold:   200        SH:  0    Dex: 15    Spells: 6/6 levels left

rFire   . . .        Y - +0 shortbow
rCold   . . .        (shield currently unavailable)
rNeg    + . .        g - +0 ring mail
rPois   inf          (no helmet)
rElec   +            e - +0 cloak
rCorr   .            (no gloves)
SInv    .            c - +0 pair of boots
Will    .....        (no amulet)
Stlth   +            (no ring)
HPRegen 0.27/turn    (no ring)
MPRegen 0.10/turn

%: no passive effects
@: no status effects
A: sickness immunity, AC +4, negative energy resistance 1, electricity
resistance, torment resistance 1, petrification resistance
a: Renounce Religion


You were on level 5 of the Dungeon.
You worshipped Okawaru.
Okawaru was noncommittal.
You visited 2 branches of the dungeon, and saw 6 of its levels.

You collected 200 gold pieces.


Innate Abilities, Weirdness & Mutations

You are immune to sickness and miasma.
Your stone body is resilient. (AC +4)
You are immune to poison.
You resist negative energy. (rN+)
You are resistant to electric shocks. (rElec)
You are resistant to unholy torment.
You are immune to petrification.


   Skills:
 + Level 4.4 Fighting
 - Level 8.3 Ranged Weapons
 - Level 2.0 Armour
 - Level 1.5 Dodging
 - Level 1.1 Stealth


You had 6 spell levels left.
You didn't know any spells.
Your spell library was empty.

Inventory:

Hand Weapons
 Y - a +0 shortbow (weapon)
Armour
 c - a +0 pair of boots (worn)
 e - a +0 cloak (worn)
 g - a +0 ring mail (worn)
Jewellery
 b - a ring of ice
Scrolls
 a - a scroll of identify
Potions
 d - a potion of curing {unknown}
 f - a potion of degeneration {unknown}
 i - a potion of berserk rage {unknown}
 j - a potion of lignification {unknown}
 k - a potion of might {unknown}
 l - a potion of brilliance {unknown}
 m - a potion of mutation {unknown}

Dungeon Overview and Level Annotations

Branches:
Dungeon (5/15)             Temple (1/1) D:5

Altars:
Ashenzari
Cheibriados
Dithmenos
Elyvilon
Fedhas
Gozag
Hepliaklqana
Kikubaaqudgha
Makhleb
Nemelex Xobeh
Okawaru
Qazlal
Ru
Sif Muna
Trog
Uskayaw
Vehumet
Wu Jian
Xom
Yredelemnul
Zin


Message History

The water moccasin misses you.
You shoot an arrow. The arrow hits the water moccasin.
The water moccasin is severely wounded.
The water moccasin closely misses you.
You shoot an arrow. The arrow misses the water moccasin.
The water moccasin bites you but does no damage.
The water moccasin bites you.
You shoot an arrow.
The arrow closely misses the water moccasin.
The water moccasin misses you. The water moccasin bites you.
You shoot an arrow.
The arrow barely misses the water moccasin.
The water moccasin bites you but does no damage.
You shoot an arrow.
The arrow closely misses the water moccasin.
The water moccasin barely misses you. The water moccasin bites you.
You shoot an arrow.
The arrow barely misses the water moccasin.
The water moccasin bites you.
You shoot an arrow.
The arrow barely misses the water moccasin.
The water moccasin barely misses you.
You shoot an arrow.
The arrow closely misses the water moccasin.
The water moccasin bites you but does no damage.
The water moccasin bites you.
You shoot an arrow. The arrow hits the water moccasin.
The water moccasin is severely wounded.
The water moccasin closely misses you.
You shoot an arrow. The arrow misses the water moccasin.
The water moccasin completely misses you.
The water moccasin bites you.
You shoot an arrow.
The arrow barely misses the water moccasin.
The water moccasin barely misses you.
The water moccasin bites you but does no damage.
You shoot an arrow.
The arrow closely misses the water moccasin.
The water moccasin bites you.
You die...

............#
#...##.........
#####+
######.........
#.....
#.........
#.....
#.........
#.....
#...#'####
.....
#####..### .
... ##...#
....##.###
###..
......%@.#
######
.#####S#%#
#..... ...#.#
#.#### #.##.#.#
#.# # ..#.# #.#
#.#.# #.# #.#.#
#.# #.#.# #.#
#.# #.#


You could see a water moccasin.

Vanquished Creatures
  Sigmund (D:3)
  A black bear (D:4)
  An ogre (D:5)
  A scorpion (D:5)
  3 iguanas
  Natasha (thrice) (D:3)
  3 gnolls (D:4)
  8 adders
  3 worms
  3 dart slugs
  4 orcs (D:3)
  8 endoplasms
  3 giant cockroaches
  4 hobgoblins
  3 jackals
  7 kobolds
  5 quokkas
  8 ball pythons
  5 bats
  2 frilled lizards (D:3)
  9 goblins
  6 rats
91 creatures vanquished.

Notes
Turn   | Place    | Note
-------+----------+-------------------------------------------
     0 | D:1      | qw the Gargoyle Hunter began the quest for the Orb.
     0 | D:1      | Reached XP level 1. HP: 12/12 MP: 1/1
     0 | D:1      | 0 ||| qw: Version: 0.3-a-76-g4403597
     0 | D:1      | 0 ||| qw: Game counter: 127
     0 | D:1      | 0 ||| qw: Melee chars always use a shield: true
     0 | D:1      | 0 ||| qw: God list: Okawaru
     0 | D:1      | 0 ||| qw: Allow faded altars: false
     0 | D:1      | 0 ||| qw: Do Orc after clearing Dungeon:15 true
     0 | D:1      | 0 ||| qw: Do second Lair branch before Depths: true
     0 | D:1      | 0 ||| qw: Lair rune preference: random
     0 | D:1      | 0 ||| qw: Goals: Normal
     0 | D:1      | 0 ||| PLANNING D:1-11
   141 | D:1      | Reached XP level 2. HP: 17/17 MP: 2/2
   215 | D:1      | 215 ||| Stepping ~*~*~tactically~*~*~ (outnumbered).
   557 | D:1      | Reached XP level 3. HP: 15/21 MP: 3/3
   656 | D:1      | Reached skill level 5 in Ranged Weapons
   809 | D:1      | 809 ||| UPGRADING to +0 cloak.
   814 | D:1      | 814 ||| UPGRADING to +0 ring mail.
   824 | D:1      | 824 ||| DROPPING +0 leather armour.
   825 | D:1      | 825 ||| UPGRADING to amulet of guardian spirit.
   830 | D:1      | 830 ||| READING scroll labelled ZURGHA VASIESS.
   831 | D:1      | 831 ||| DROPPING scroll of butterflies.
   894 | D:2      | 894 ||| STAIRDANCE
   901 | D:2      | 901 ||| STAIRDANCE
   951 | D:2      | Reached skill level 1 in Armour
  1327 | D:2      | Found an opulent altar of Gozag.
  1419 | D:2      | Reached skill level 3 in Fighting
  1419 | D:2      | Reached XP level 4. HP: 27/28 MP: 4/4
  1727 | D:2      | 1727 ||| UPGRADING to +0 pair of boots.
  1732 | D:2      | 1732 ||| READING scroll labelled ZUCKUEQ ARIWY.
  1733 | D:2      | 1733 ||| READING scroll labelled ADYAJEMPAFRO.
  1754 | D:2      | 1754 ||| READING scroll labelled ZIYKLUXIAT.
  1777 | D:3      | Found a faded altar of an unknown god.
  1880 | D:3      | Noticed Natasha
  1889 | D:3      | 1889 ||| Stepping ~*~*~tactically~*~*~ (retreating).
  1890 | D:3      | 1890 ||| Stepping ~*~*~tactically~*~*~ (retreating).
  1892 | D:3      | Killed Natasha
  1893 | D:3      | Reached XP level 5. HP: 14/32 MP: 2/5
  1958 | D:3      | 1958 ||| FLEEEEING.
  1959 | D:3      | 1959 ||| FLEEEEING.
  1960 | D:3      | 1960 ||| FLEEEEING.
  1961 | D:3      | 1961 ||| FLEEEEING.
  1962 | D:3      | 1962 ||| FLEEEEING.
  1963 | D:3      | 1963 ||| FLEEEEING.
  1964 | D:3      | 1964 ||| FLEEEEING.
  1965 | D:3      | 1965 ||| FLEEEEING.
  1966 | D:3      | 1966 ||| FLEEEEING.
  1967 | D:3      | 1967 ||| FLEEEEING.
  1968 | D:3      | 1968 ||| FLEEEEING.
  1969 | D:3      | 1969 ||| FLEEEEING.
  1970 | D:3      | 1970 ||| FLEEEEING.
  1971 | D:3      | 1971 ||| FLEEEEING.
  1972 | D:3      | 1972 ||| FLEEEEING.
  2062 | D:3      | Noticed Sigmund
  2077 | D:3      | HP: 7/32 [Sigmund/magic dart (5)]
  2079 | D:3      | HP: 3/32 [Sigmund/+0 scythe (4)]
  2083 | D:3      | Killed Sigmund
  2084 | D:3      | Reached skill level 7 in Ranged Weapons
  2084 | D:3      | Reached XP level 6. HP: 5/37 MP: 1/6
  2084 | D:3      | 2084 ||| FLEEEEING.
  2085 | D:3      | 2085 ||| FLEEEEING.
  2086 | D:3      | 2086 ||| FLEEEEING.
  2087 | D:3      | 2087 ||| FLEEEEING.
  2088 | D:3      | 2088 ||| FLEEEEING.
  2089 | D:3      | 2089 ||| FLEEEEING.
  2090 | D:3      | 2090 ||| FLEEEEING.
  2091 | D:3      | 2091 ||| FLEEEEING.
  2092 | D:3      | 2092 ||| FLEEEEING.
  2093 | D:3      | 2093 ||| FLEEEEING.
  2094 | D:3      | 2094 ||| FLEEEEING.
  2095 | D:3      | 2095 ||| FLEEEEING.
  2096 | D:3      | 2096 ||| FLEEEEING.
  2097 | D:3      | 2097 ||| FLEEEEING.
  2098 | D:3      | 2098 ||| FLEEEEING.
  2099 | D:3      | 2099 ||| FLEEEEING.
  2100 | D:3      | 2100 ||| FLEEEEING.
  2101 | D:3      | 2101 ||| FLEEEEING.
  2102 | D:3      | 2102 ||| FLEEEEING.
  2103 | D:3      | 2103 ||| FLEEEEING.
  2104 | D:3      | 2104 ||| FLEEEEING.
  2105 | D:3      | 2105 ||| FLEEEEING.
  2106 | D:3      | 2106 ||| FLEEEEING.
  2106 | D:3      | Noticed Natasha
  2108 | D:3      | HP: 7/37 [Natasha/magic dart (5)]
  2116 | D:3      | HP: 6/37 [Natasha (4)]
  2118 | D:3      | Killed Natasha
  2311 | D:3      | Noticed Natasha
  2322 | D:3      | Killed Natasha
  2808 | D:3      | 2808 ||| READING 3 scrolls labelled YWNETO UTZOADA.
  2809 | D:3      | 2809 ||| READING 2 scrolls labelled INAESI SILURE.
  2810 | D:3      | 2810 ||| DROPPING 2 scrolls of immolation.
  2811 | D:3      | 2811 ||| DROPPING scroll of fog.
  2916 | D:4      | Found an ancient bone altar of Kikubaaqudgha.
  3255 | D:4      | Reached XP level 7. HP: 43/43 MP: 7/7
  3257 | D:4      | Found an ornate altar of the Wu Jian Council.
  3280 | D:4      | Found a radiant altar of Vehumet.
  3698 | D:4      | Found a bloodstained altar of Trog.
  3800 | D:5      | Entered Level 5 of the Dungeon
  3931 | D:5      | Found a staircase to the Ecumenical Temple.
  3932 | D:5      | 3932 ||| PLANNING TEMPLE
  3941 | Temple   | Entered the Ecumenical Temple
  3942 | Temple   | 3942 ||| PLANNING OKAWARU WORSHIP
  3961 | Temple   | Became a worshipper of Warmaster Okawaru
  3962 | Temple   | 3962 ||| PLANNING D:1-11
  3962 | Temple   | 3962 ||| REMOVING amulet of guardian spirit.
  3967 | Temple   | 3967 ||| DROPPING amulet of guardian spirit.
  4073 | D:5      | Reached skill level 8 in Ranged Weapons
  4098 | D:5      | Found a white marble altar of Elyvilon.
  4193 | D:5      | HP: 9/44 [water moccasin (5)]
  4194 | D:5      | HP: 4/44 [water moccasin (5)]
  4198 | D:5      | HP: 1/44 [water moccasin (2)]
  4200 | D:5      | Slain by a water moccasin

Levels and vault maps discovered:
D:1:      wheals_arrival_linesprint, layout_basic, hangedman_decor_points,
          grunt_decor_cap, minmay_misc_feat_doors
D:2:      layout_loops_corners, basic_altar
D:3:      layout_loops_ring, nicolae_ecumenical_pavilion, uniq_natasha,
          uniq_sigmund
D:4:      layout_basic, nicolae_vehumet_altar_sigil,
          mainiacjoe_overflow_big_doors, lemuel_tele_altar, serial_park_tiny_2,
          kennysheep_generic_room_7
D:5:      layout_basic, mainiacjoe_overflow_alcove_2,
          nicolae_overflow_hidden_temple, minmay_temple_entry_trees
Temple:   lightli_temple_of_artemis

Skill      XL: |  1  2  3  4  5  6  7 |
---------------+----------------------+-----
Ranged Weapons | 5 7 8 |  8.3
Armour         | 1 2 |  2.0
Fighting       | 3 4 |  4.4
Dodging        | |  1.5
Stealth        | |  1.1

Action                     |  1- 3 |  4- 6 |  7- 9 || total
---------------------------+-------+-------+-------++-------
   Fire: Shortbow          |   122 |   208 |   100 ||   430
    Use: Scroll            |     1 |     5 |       ||     6
 Armour: Leather armour    |    19 |       |       ||    19
         Ring mail         |    15 |    99 |    82 ||   196
         Skin              |       |     2 |       ||     2
  Dodge: Dodged            |    32 |    64 |    42 ||   138

Table legend:
 A = Non-vault XP
 B = Vault XP
 C = Vault XP percentage of total XP
 D = Non-vault monster count
 E = Vault monster count
 F = Vault count percentage of total count
                 A         B        C        D         E       F
            +---------+---------+-------+---------+---------+-------
      Total |     667 |     392 |  37.0 |      88 |       3 |   3.3
            +---------+---------+-------+---------+---------+-------
        D:1 |      44 |       0 |   0.0 |      26 |       0 |   0.0
        D:2 |      64 |       0 |   0.0 |      20 |       0 |   0.0
        D:3 |     163 |     266 |  62.0 |      24 |       2 |   7.7
        D:4 |      96 |     126 |  56.8 |      12 |       1 |   7.7
        D:5 |     300 |       0 |   0.0 |       6 |       0 |   0.0
            +---------+---------+-------+---------+---------+-------
